Map: New Repugnancy LE

Players

Elazer

  • Race: Zerg Zerg
  • Spawn Location: 1:00

Harstem - Winner!

  • Race: Protoss Protoss
  • League: Grandmaster
  • Spawn Location: 7:00

Event: 2019 WCS Winter Europe

VOD

Have the link to the VOD?

Description

Time

  • Played on: Feb. 2, 2019, 10:57 a.m.
  • Length: 6:22

All games in this series

Show
View Real Time Build Order
Export as new Build Order

Elazer Zerg 

Build Orders: Hatch First 

Get SALT Encoding   

  12  0:00  Drone  
  13  0:12  Overlord  
  13  0:17  Drone  
  14  0:30  Drone x2  
  16  0:48  Hatchery  
  15  0:51  Drone  
  15  0:54  Drone  
  17  0:58  Drone  
  18  1:09  Extractor  
  17  1:13  Spawning Pool  
  17  1:17  Drone  
  17  1:20  Drone  
  18  1:28  Drone  
  19  1:39  Drone  
  20  1:49  Drone  
  21  1:59  Overlord  
  21  2:00  Queen x2  
  21  2:01  Zergling x2  
  26  2:11  Zergling x2, Drone  
  28  2:21  Drone  
  29  2:26  Drone  
  30  2:31  Drone  
  30  2:34  Hatchery, Drone  
  31  2:40  Queen  
  33  2:49  Overlord  
  33  2:54  Drone x2  
  33  2:58  Drone  
  36  3:10  Drone x2  
  36  3:11  Drone x3  
  36  3:12  Drone  
  42  3:14  Overlord  
  42  3:16  Queen  
  44  3:22  Lair  
  44  3:28  Roach Warren  
  44  3:30  Drone  
  44  3:33  Extractor, Drone  
  44  3:37  Overlord  
  44  3:38  Drone  
  44  3:40  Drone  
  46  3:43  Spore Crawler  
  46  3:45  Drone  
  46  3:49  Drone x2  
  46  3:51  Drone x2  
  50  3:56  Drone x2  
  50  3:59  Drone  
  50  4:01  Drone  
  54  4:05  Drone  
  54  4:06  Overlord, Extractor  
  54  4:16  Roach x4  
  63  4:21  Roach, Spine Crawler  
  63  4:23  Overlord  
  64  4:25  Roach  
  64  4:28  Roach  
  64  4:31  Overlord  
  66  4:45  Roach x4  
  71  4:49  Roach  
  71  4:52  Roach  
  65  4:54  Roach x3  
  65  4:58  Roach  
  65  4:59  Roach  
  71  5:04  Roach x2  
  69  5:08  Roach  
  66  5:22  Roach x3  
  66  5:27  Roach  
  67  5:32  Roach  
  53  5:47  Roach x4  
  53  5:49  Zergling x6  
  52  5:57  Roach x2  
  48  6:02  Roach  
Show
View Real Time Build Order
Export as new Build Order

Harstem Protoss - Winner!

Build Orders: 1 Gate Expand 

Get SALT Encoding   

  12  0:00  Probe  
  13  0:12  Probe  
  14  0:18  Pylon  
  14  0:24  Probe  
  15  0:29  Assimilator  
  15  0:32  Probe  
  15  0:40  Probe  
  16  0:49  Gateway  
  17  0:51  Probe  
  18  1:03  Probe  
  19  1:15  Probe  
  20  1:23  Nexus  
  20  1:27  Probe  
  21  1:36  Cybernetics Core  
  21  1:39  Probe  
  22  1:44  Assimilator  
  22  1:51  Pylon  
  22  1:55  Probe  
  23  2:03  Warp Gate, Adept  
  23  2:07  Probe  
  23  2:15  Probe  
  27  2:23  Probe  
  28  2:30  Robotics Facility  
  28  2:32  Stalker  
  28  2:36  Probe  
  31  2:37  Probe  
  32  2:48  Probe  
  32  2:49  Gateway  
  33  2:54  Gateway  
  33  2:58  Probe  
  33  3:00  Probe  
  35  3:06  Gateway  
  35  3:08  Warp Prism  
  35  3:12  Gateway  
  37  3:20  Probe  
  37  3:22  Probe  
  39  3:30  Pylon  
  39  3:33  Assimilator  
  40  3:42  Probe  
  40  3:52  Stalker x3  
  40  3:54  Probe  
  47  3:56  Pylon  
  47  4:04  Stalker  
  49  4:10  Pylon  
  49  4:12  Zealot  
  49  4:13  Pylon  
  49  4:15  Stalker x2  
  55  4:19  Stalker  
  57  4:32  Stalker, Zealot  
  57  4:35  Zealot  
  63  4:38  Zealot  
  65  4:51  Zealot x3  
  65  4:52  Probe  
  68  4:54  Probe  
  68  4:58  Stalker  
  63  5:03  Zealot  
  63  5:04  Probe  
  66  5:09  Probe  
  67  5:16  Zealot x3, Probe  
  66  5:28  Probe  
  66  5:29  Probe  
  66  5:30  Zealot x2  
  64  5:40  Stalker x3  
  64  5:41  Probe x2  
  62  5:52  Assimilator  
  62  5:53  Probe x2  
  64  5:57  Zealot x2  
  64  6:01  Forge  
Tags
 
Add a new tag
Caveats
  • Supply blocks, unpowered buildings, or Contaminate may cause inaccurate times.
  • Supply counts are checked every 10 seconds.